 Dungeon Crawl Stone Soup version 0.19.3 (webtiles) character file.

23 dngmouse the Slasher (level 2, -3/20 HPs)
             Began as a High Elf Warper on Jan 23, 2017.
             Slain by a worker ant (5 damage)
             ... on level 1 of the Dungeon.
             The game lasted 00:04:20 (1049 turns).

dngmouse the Slasher (High Elf Warper)              Turns: 1049, Time: 00:04:21

Health: -3/20      AC:  3    Str: 10    XL:     2   Next: 75%
Magic:  1/6        EV: 12    Int: 21    God:
Gold:   56         SH:  0    Dex: 14    Spells: 2 memorised, 1 level left

rFire  . . .     SeeInvis .     a - +0 falchion
rCold  . . .     Gourm    .     b - +0 leather armour
rNeg   . . .     Faith    .     (no shield)
rPois  .         Spirit   .     (no helmet)
rElec  .         Reflect  .     (no cloak)
rCorr  .         Harm     .     (no gloves)
MR     .....                    (no boots)
Stlth  +.........               (no amulet)
                                (no ring)
                                (no ring)

@: brilliant, lethally poisoned (-3 -> -12)
A: no striking features
a: no special abilities


You were on level 1 of the Dungeon.
You were hungry.

You visited 1 branch of the dungeon, and saw 1 of its levels.

You collected 56 gold pieces.

Inventory:

Hand Weapons
 a - a +0 falchion (weapon)
Missiles
 e - 5 tomahawks of dispersal (quivered)
Armour
 b - a +0 leather armour (worn)
Scrolls
 d - a scroll of blinking
 g - a scroll of amnesia {unknown}
 i - a scroll of identify {unknown}
Books
 c - a book of Spatial Translocations

   Spells                             Type                      Level
   a - Blink                          Translocation                2
   b - Shroud of Golubria             Charms/Translocation         2
   c - Lesser Beckoning               Translocation                3
   d - Portal Projectile              Translocation                3
   e - Teleport Other                 Translocation                3
   f - Passage of Golubria            Translocation                4
Comestibles
 f - 2 bread rations
 h - 2 meat rations


   Skills:
 + Level 2.4 Fighting
 * Level 3.6 Long Blades
 - Level 1.0 Throwing
 - Level 0.8 Armour
 - Level 2.1 Dodging
 - Level 2.4 Spellcasting
 - Level 3.2 Translocations


You had one spell level left.
You knew the following spells:

 Your Spells              Type           Power        Failure   Level  Hunger
a - Blink                 Tloc           N/A          1%          2    ##.....
b - Shroud of Golubria    Chrm/Tloc      ###.......   2%          2    ##.....


Dungeon Overview and Level Annotations

Branches:
Dungeon (1/15)

Altars:


Message History

Space distorts slightly along a thin shroud covering your body.
The worker ant barely misses you.
You barely miss the worker ant.
The worker ant is severely wounded.
* * * LOW HITPOINT WARNING * * *
You feel sick. The worker ant misses you.
You riposte.
You barely miss the worker ant.
The worker ant is severely wounded.
You hit the worker ant.
The worker ant is almost dead.
* * * LOW HITPOINT WARNING * * *
You feel sick. The worker ant barely misses you.
You riposte.
You barely miss the worker ant.
The worker ant is almost dead.
You closely miss the worker ant.
The worker ant is almost dead.
The worker ant bites you.
* * * LOW HITPOINT WARNING * * *
The worker ant bites you.
You die...

######.##.# #.######## # #.##.#
#.# #.### ######.##.# #.# #...#
)...##.##.###########.# ###.#
###.##.##.............# #.# #
#.##.#########.###.## #.# #
#.##.# #.# #.# #.# ##.#.#.# #.#
#.# #.### ..###..# #@# #.#
#.##. ##.#.###
#a###.########.##. # #.#
#.##.............. #
#.############.##[.###########.
# #..................# #.
###.##...........##.## ##
#......###.#.######.# #......#
#.#...%....#
.......###.#..#######


You could see a worker ant.

Vanquished Creatures
  3 dart slugs (D:1)
  A giant cockroach (D:1)
  A goblin (D:1)
  2 hobgoblins (D:1)
  A ball python (D:1)
  A bat (D:1)
  A frilled lizard (D:1)
  4 kobolds (D:1)
  5 rats (D:1)
19 creatures vanquished.

Notes
Turn   | Place    | Note
-------+----------+-------------------------------------------
     0 | D:1      | dngmouse the High Elf Warper began the quest for the Orb.
     0 | D:1      | Reached XP level 1. HP: 14/14 MP: 4/4
   226 | D:1      | Reached XP level 2. HP: 5/19 MP: 6/6
   440 | D:1      | Learned a level 2 spell: Blink
   443 | D:1      | Learned a level 2 spell: Shroud of Golubria
  1049 | D:1      | Slain by a worker ant

Skill      XL: |  1 |
---------------+----+-----
Long Blades    | 3 |  3.6
Fighting       | |  2.4
Throwing       | |  1.0
Armour         | |  0.8
Dodging        | |  2.1
Spellcasting   | |  2.4
Translocations | |  3.2

Action                   || total
-------------------------++-------
Melee: Falchion          ||    69
 Cast: Shroud of Golubri ||     6
  Use: Potion            ||     2
 Stab: Sleeping          ||     2
Armor: Leather armour    ||     9
Dodge: Dodged            ||    51
       Rpst.: Falchion   ||    16
